 Dungeon Crawl Stone Soup version 0.28-a0-895-g6e5f11bd55 (webtiles) character file.

Game seed: 5288211677388074387

6424 Crownlay the Thaumaturge (level 10, -8/69 HPs)
             Began as a Pale Draconian Conjurer on Nov 22, 2021.
             Was a Priest of Vehumet.
             Shot with an arrow by a centaur warrior (19 damage)
             ... on level 9 of the Dungeon.
             The game lasted 00:15:31 (13351 turns).

Crownlay the Thaumaturge (Pale Draconian Conjurer) Turns: 13351, Time: 00:15:31

Health: -8/69      AC: 10    Str: 14    XL:     10   Next: 67%
Magic:  25/25      EV: 12    Int: 26    God:    Vehumet [***...]
Gold:   544        SH:  0    Dex: 12    Spells: 28/31 levels left

rFire   . . .      SeeInvis .   D - +5 halberd
rCold   . . .      Faith    .   (shield currently unavailable)
rNeg    + . .      Spirit   .   (armour unavailable)
rPois   +          Reflect  .   (helmet restricted)
rElec   .          Harm     .   j - +2 cloak
rCorr   +          Rampage  .   (no gloves)
Will    .....                   (no boots)
Stlth   ++........              p - amulet of the acrobat
HPRegen 0.21/turn               l - ring "Gepriara" {*Corrode rPois Int+5 Dex+2 Stlth+}
MPRegen 0.19/turn               z - ring of Ynobyaqo {rN+ rCorr Str+4 Stlth-}

@: lethally poisoned (-8 -> -9)
A: breathe steam, AC +7, unfitting armour, cold-blooded, steam resistance
a: Breathe Steam, Renounce Religion


You were on level 9 of the Dungeon.
You worshipped Vehumet.
Vehumet was most pleased with you.
You visited 2 branches of the dungeon, and saw 10 of its levels.
You also visited: Sewer.

You collected 544 gold pieces.

Inventory:

Hand Weapons
 D - a +5 halberd (weapon)
Armour
 j - a +2 cloak (worn)
Jewellery
 l - the ring "Gepriara" (left hand) {*Corrode rPois Int+5 Dex+2 Stlth+}
   (You acquired it on level 5 of the Dungeon)

   [ring of poison resistance]

   Int:       It affects your intelligence (+5).
   Dex:       It affects your dexterity (+2).
   rPois:     It protects you from poison.
   *Corrode:  It may corrode you when you take damage.
   Stlth:     It makes you more stealthy.
 m - a ring of see invisible
 p - an amulet of the acrobat (around neck)
 z - the ring of Ynobyaqo (right hand) {rN+ rCorr Str+4 Stlth-}
   (You acquired it on level 5 of the Dungeon)

   [ring of positive energy]

   Str:       It affects your strength (+4).
   rN:        It protects you from negative energy.
   rCorr:     It protects you from acid and corrosion.
   Stlth:     It makes you less stealthy.
 F - a ring of protection from cold
 I - a ring of fire
Wands
 w - a wand of iceblast (23)
 E - a wand of polymorph (6)
 H - a wand of acid (1)
Scrolls
 a - 2 scrolls of enchant armour
 b - a scroll of vulnerability {unknown}
 c - a scroll of silence {unknown}
 e - 2 scrolls of amnesia {unknown}
 i - a scroll of brand weapon {unknown}
 k - a scroll of fog {unknown}
 n - a scroll of summoning {unknown}
 q - 3 scrolls of enchant weapon
 v - 4 scrolls of teleportation
 y - 3 scrolls of immolation
 C - a scroll of identify
 G - a scroll of fear {unknown}
 J - a scroll of magic mapping {unknown}
Potions
 d - 3 potions of flight {unknown}
 f - a potion of lignification {unknown}
 g - a potion of resistance {unknown}
 h - 3 potions of curing
 o - 2 potions of might {unknown}
 r - a potion of mutation {unknown}
 s - 2 potions of heal wounds
 t - a potion of brilliance {unknown}
 u - a potion of magic {unknown}
 x - a potion of cancellation {unknown}
 B - a potion of haste {unknown}


   Skills:
 - Level 1.7 Dodging
 - Level 1.7 Stealth
 * Level 11.3 Spellcasting
 + Level 9.5 Conjurations
 + Level 7.3 Fire Magic


You had 28 spell levels left.
You knew the following spells:

 Your Spells              Type           Power      Damage    Failure   Level
a - Magic Dart            Conj           100%       1d8       1%          1
b - Searing Ray           Conj           100%       2d8       1%          2

Your spell library contained the following spells:

 Spells                   Type           Power      Damage    Failure   Level
 Static Discharge         Conj/Air       39%        N/A       1%          2
 Dazzling Flash           Conj/Hex       78%        N/A       1%          3
 Ignite Poison            Fire/Tmut/Pois 27%        N/A       1%          3
 Mephitic Cloud           Conj/Pois/Air  31%        N/A       1%          3
 Fulminant Prism          Conj/Hex       19%        3d11      1%          4
 Iskenderun's Mystic Bla  Conj/Tloc      39%        2d9       1%          4
 Apportation              Tloc           28%        N/A       4%          1
 Freezing Cloud           Conj/Ice/Air   15%        6-21      9%          5
 Gell's Gravitas          Tloc           14%        N/A       12%         3
 Lesser Beckoning         Tloc           14%        N/A       12%         3
 Teleport Other           Tloc           14%        N/A       12%         3
 Tukima's Dance           Hex            14%        N/A       12%         3
 Yara's Violent Unravell  Hex/Tmut       7%         3d5       28%         5
 Cause Fear               Hex            7%         N/A       36%         4
 Passage of Golubria      Tloc           14%        N/A       36%         4
 Alistair's Intoxication  Tmut/Pois      9%         N/A       73%         5
 Dragon Form              Tmut           7%         N/A       100%        7
 Dragon's Call            Summ           7%         N/A       100%        9


Dungeon Overview and Level Annotations

Branches:
Dungeon (9/15)             Temple (1/1) D:5           Sewer (visited)
   Lair: D:8-11         Orc: D:9-12

Altars:
Kikubaaqudgha
Makhleb
Vehumet
Wu Jian
Yredelemnul
Zin
The Shining One
Beogh

Shops:
D:5 =


Innate Abilities, Weirdness & Mutations

You can breathe blasts of scalding, opaque steam.
Your pale cyan-grey scales are hard. (AC +7)
You cannot fit into any form of body armour.
You are cold-blooded and may be slowed by cold attacks.
You are immune to the effects of steam.


Message History

You climb upwards.
The killer bee stings you. The killer bee closely misses you.
The killer bee stings you. x2
The kobold barely misses you. The killer bee misses you.
The kobold barely misses you.
The killer bee stings you but does no damage.
The kobold closely misses you.
There is a stone staircase leading down, spattered with blood here.
The kobold shouts!
You hear a roar!
You hear an angry buzzing noise.
The killer bee stings you.
The killer bee stings you but does no damage.
The centaur warrior hits you! The centaur warrior closely misses you.
The killer bee stings you! The kobold hits you but does no damage.
The killer bee stings you.
You are poisoned.
The killer bee poisons you! The kobold hits you but does no damage.
You climb downwards.
You feel sick.
There is a stone staircase leading up here.
Things that are here:
a +0 scale mail; a +0 hand axe You hit the killer bee.
The killer bee is lightly wounded.
You feel sick.
The killer bee stings you but does no damage.
The killer bee barely misses you. The centaur warrior hits you!
* * * LOW HITPOINT WARNING * * *
The centaur warrior barely misses you. The killer bee barely misses you.
The killer bee completely misses you.
The centaur warrior hits you but does no damage.
The centaur warrior kicks you but does no damage.
The kobold closely misses you. x2; The killer bee misses you.
The killer bee barely misses you.
Blink to where?
Press: ? - help, Dir - move target
As you read the scroll labelled SODEEN GIGGE, it crumbles to dust.
It was a scroll of blinking.
You feel sick.
The centaur warrior wields a +0 shortbow.
The centaur warrior shoots an arrow.
The arrow barely misses you.
The kobold throws a stone.
The stone barely misses you.
The centaur warrior shoots an arrow.
The arrow hits you!!
You die...

#..........# #......#
#.########.###.####.# #.#
#.....# #.# #### #.# #######
#.# #... #.# #####.#####.##
#####.######
#####.............
#....[.....#
#.........###.....
#.###.####.# #.###.###.#
#.#.## #.# #.# #@##...##.#
#.#.# ###.# #.# ##.#.....#.#
#.#.#
#...####.###..........###.#[##
#......................##....#
#...####.###.................#
##..# #.# ####..c.....#......
#..# #.# ##..Ky.###......
#..####.## ##K#y## #......
.........# ##.#[# ###...#


You could see a centaur warrior, a killer bee and 2 kobolds.

Vanquished Creatures
  Erolcha (D:9)
  A troll (D:9)
  3 hornets
  3 yaks
  A wyvern (D:9)
  2 steam dragons
  5 water moccasins
  2 orc warriors
  An ice beast (D:5)
  A black bear (D:8)
  3 sky beasts
  4 ogres
  A phantom (D:6)
  4 centaurs
  Blork the orc (D:6)
  4 kobold brigands
  A scorpion (D:5)
  3 bullfrogs
  11 killer bees
  5 wights (D:6)
  2 hounds
  A jelly (D:4)
  4 gnoll shamans
  6 orc priests
  A centaur skeleton (D:7)
  3 iguanas
  Terence (D:3)
  A scorpion zombie (D:5)
  2 hound zombies (D:5)
  A howler monkey zombie (D:7)
  20 gnolls
  A howler monkey skeleton (D:7)
  9 adders
  A river rat (D:5)
  An ufetubus (D:6)
  6 worms (Sewer)
  4 dart slugs
  15 orcs
  13 ball pythons
  8 bats
  7 endoplasms
  A giant cockroach (D:5)
  6 goblins
  9 hobgoblins
  9 quokkas
  3 frilled lizards
  27 kobolds
  9 rats
228 creatures vanquished.

Notes
Turn   | Place    | Note
-------+----------+-------------------------------------------
     0 | D:1      | Crownlay the Draconian Conjurer began the quest for the
                  | Orb.
     0 | D:1      | Reached XP level 1. HP: 14/14 MP: 3/3
   272 | D:1      | Reached XP level 2. HP: 15/20 MP: 0/5
   275 | D:1      | Identified the +1 ring mail of Minor Irritation {rCorr
                  | Str+2 Int-2}
   939 | D:1      | Learned a level 2 spell: Searing Ray
  1003 | D:1      | Reached XP level 3. HP: 26/26 MP: 5/7
  1005 | D:1      | Reached skill level 3 in Spellcasting
  1304 | D:1      | Noticed an orc warrior
  1537 | D:1      | Found a faded altar of an unknown god.
  2282 | D:2      | Reached XP level 4. HP: 18/33 MP: 0/9
  3213 | D:3      | Noticed Terence
  3219 | D:3      | Killed Terence
  3220 | D:3      | Reached skill level 4 in Spellcasting
  3223 | D:3      | Reached XP level 5. HP: 38/38 MP: 1/11
  3804 | D:3      | Reached skill level 5 in Conjurations
  5106 | D:4      | Reached skill level 5 in Spellcasting
  5106 | D:4      | Reached XP level 6. HP: 45/45 MP: 5/13
  5552 | D:5      | Entered Level 5 of the Dungeon
  5606 | D:5      | Found a glowing drain.
  5704 | Sewer    | Entered a sewer
  6555 | D:5      | Noticed a sky beast
  6561 | D:5      | Killed a sky beast
  6562 | D:5      | Reached skill level 6 in Spellcasting
  6562 | D:5      | Your scales start taking on a pale cyan-grey colour.
  6562 | D:5      | Reached XP level 7. HP: 50/50 MP: 9/16
  6562 | D:5      | Gained mutation: You are immune to the effects of steam.
                  | [Pale Draconian growth]
  6915 | D:5      | Found a staircase to the Ecumenical Temple.
  7053 | D:5      | Reached skill level 7 in Spellcasting
  7116 | Temple   | Entered the Ecumenical Temple
  7136 | Temple   | Became a worshipper of Vehumet
  7266 | D:5      | Reached XP level 8. HP: 57/57 MP: 10/18
  7330 | D:5      | Reached skill level 1 in Fire Magic
  7397 | D:5      | Found Wuapaf's Jewellery Shoppe.
  7914 | D:5      | Identified 2 scrolls of acquirement
  7914 | D:5      | Acquired the ring of Ynobyaqo {rN+ rCorr Str+4 Stlth-}
  7917 | D:5      | Acquired the ring "Gepriara" {*Corrode rPois Int+5 Dex+2
                  | Stlth+}
  8095 | D:6      | Reached skill level 8 in Spellcasting
  8348 | D:6      | Noticed Blork the orc
  8358 | D:6      | Killed Blork the orc
  8972 | D:6      | Reached XP level 9. HP: 62/62 MP: 12/21
  9373 | D:6      | Reached skill level 9 in Spellcasting
  9560 | D:7      | Reached * piety under Vehumet
  9560 | D:7      | Offered knowledge of Sandblast by Vehumet.
  9692 | D:7      | Identified the +5 leather armour of the Ward {*Corrode
                  | Int+6}
 10109 | D:7      | Reached skill level 5 in Fire Magic
 10950 | D:7      | Reached skill level 10 in Spellcasting
 11302 | D:7      | Reached XP level 10. HP: 35/69 MP: 9/24
 11543 | D:8      | Reached ** piety under Vehumet
 11553 | D:8      | Offered knowledge of Freeze by Vehumet.
 11962 | D:8      | Found a basalt altar of Yredelemnul.
 12511 | D:9      | Noticed Erolcha
 12526 | D:9      | Killed Erolcha
 12527 | D:9      | Reached skill level 11 in Spellcasting
 12530 | D:9      | Offered knowledge of Static Discharge by Vehumet.
 12549 | D:8      | Noticed a centaur warrior
 13215 | D:8      | Noticed a purple ugly thing
 13222 | D:9      | Reached *** piety under Vehumet
 13351 | D:9      | Shot with an arrow by a centaur warrior

Illustrated notes

Levels and vault maps discovered:
D:1:      erik_arrival_cave_to_civilisation [erik_arrival_cave_to_temple],
          layout_basic, serial_forest, infiniplex_forest_lined_room_3,
          infiniplex_forest_end_2, infiniplex_forest_lined_2,
          infiniplex_forest_clump_small, infiniplex_forest_corner_2,
          infiniplex_forest_lined_corner, infiniplex_forest_fountain,
          chequers_ecumenical_altar_twisty, minivault_25, dk_noncrumbling_4
D:2:      layout_loops_ring, kennysheep_big_empty_room
D:3:      layout_basic, uniq_terence
D:4:      layout_layer_cave, minivault_25
D:5:      wander_river, layout_cave_pods, minmay_temple_entry_poolview,
          serial_shops, nicolae_square_shop, portal_sewer_entry_b,
          kennysheep_generic_room_15
D:6:      layout_loops_corners, supply_closet_lemuel, uniq_blork_the_orc
D:7:      layout_cave_pods, eino_jars
D:8:      minmay_blocky_corners, layout_rooms, mainiacjoe_overflow_alcove_2
D:9:      layout_loops_ring, kennysheep_generic_room_11, uniq_erolcha
Temple:   mainiacjoe_temple_circle_huts

Skill      XL: |  1  2  3  4  5  6  7  8  9 10 |
---------------+-------------------------------+-----
Spellcasting   | 3 4 5 6 7 8 10 11 | 11.3
Conjurations   | 5 6 7 8 9 |  9.5
Fire Magic     | 3 5 7 |  7.3
Dodging        | |  1.7
Stealth        | |  1.7

Action                   |  1- 3 |  4- 6 |  7- 9 | 10-12 || total
-------------------------+-------+-------+-------+-------++-------
Melee: Club              |     6 |       |       |       ||     6
       Tailslap          |     1 |       |       |       ||     1
       Short sword       |    18 |    25 |     2 |       ||    45
       Halberd           |       |       |       |     4 ||     4
 Cast: Magic Dart        |    63 |   158 |    67 |    45 ||   333
       Searing Ray       |       |    14 |    66 |    34 ||   114
 Abil: Breathe Steam     |       |       |     2 |       ||     2
  Use: Scroll            |       |     2 |     5 |     4 ||    11
       Potion            |       |       |       |     2 ||     2
Armor: Skin              |    22 |    10 |    69 |    33 ||   134
Dodge: Dodged            |    23 |    30 |   328 |   152 ||   533

Table legend: (Time is in decaauts)
 A = Elapsed time spent in this place.
 B = Non-inter-level travel time spent in this place.
 C = Inter-level travel time spent in this place.
 D = Time resting spent in this place.
 E = Time spent auto-exploring this place.
 F = Levels seen in this place.
 G = Mean time per level.
                   A        B        C        D        E       F      G
               +--------+--------+--------+--------+--------+-----+--------+
         Total |  13435 |  13046 |    389 |    349 |  11066 |  11 | 1221.4 |
       Dungeon |  12592 |  12222 |    370 |    349 |  10384 |   9 | 1399.1 |
        Temple |     39 |     20 |     19 |      0 |     12 |   1 |   39.0 |
         Sewer |    802 |    802 |      0 |      0 |    670 |   1 |  802.0 |
               +--------+--------+--------+--------+--------+-----+--------+

Top non-repeatable levels by time:
     D:7: 1969 daAuts
     D:1: 1845 daAuts
     D:5: 1624 daAuts
     D:6: 1515 daAuts
     D:2: 1293 daAuts
     D:9: 1292 daAuts
     D:4: 1236 daAuts
     D:3: 1166 daAuts
   Sewer: 802 daAuts
     D:8: 648 daAuts
  Temple: 39 daAuts
